 Dungeon Crawl Stone Soup version 0.19-b1-5-gdc9fa9d (webtiles) character file.

28 scalarboson the Firebug (level 3, -1/26 HPs)
             Began as a Hill Orc Fire Elementalist on Oct 31, 2016.
             Slain by a worm (8 damage)
             ... on level 2 of the Dungeon.
             The game lasted 00:01:47 (1318 turns).

scalarboson the Firebug (HOFE)                      Turns: 1318, Time: 00:01:48

Health: -1/26      AC:  2    Str: 10    XL:     3   Next: 12%
Magic:  0/5        EV: 12    Int: 16    God:
Gold:   93         SH:  0    Dex: 11    Spells: 1 memorised, 4 levels left

rFire  . . .     SeeInvis .     h - +2 dagger (venom)
rCold  . . .     Gourm    .     a - +0 robe
rNeg   . . .     Faith    .     (no shield)
rPois  .         Spirit   .     (no helmet)
rElec  .         Reflect  .     (no cloak)
rCorr  .         Harm     .     (no gloves)
MR     .....                    (no boots)
Stlth  ++........               (no amulet)
                                (no ring)
                                (no ring)

@: no status effects
A: no striking features
a: no special abilities


You were on level 2 of the Dungeon.
You were near starving.

You visited 1 branch of the dungeon, and saw 2 of its levels.

You collected 93 gold pieces.

Inventory:

Hand Weapons
 h - a +2 dagger of venom (weapon)
Armour
 a - a +0 robe (worn)
Jewellery
 o - an uncursed ring of ice {unknown}
 p - an uncursed amulet of guardian spirit {unknown}
Scrolls
 e - a scroll of fog {unknown}
 i - a scroll of fear {unknown}
 j - a scroll of remove curse {unknown}
 k - a scroll of identify {unknown}
 l - a scroll of noise {unknown}
Potions
 f - a potion of mutation {unknown}
 m - a potion of curing {unknown}
 n - 2 potions of flight {unknown}
Books
 b - a book of Flames

   Spells                             Type                      Level
   a - Flame Tongue                   Conjuration/Fire             1
   b - Throw Flame                    Conjuration/Fire             2
   c - Conjure Flame                  Conjuration/Fire             3
   d - Inner Flame                    Hexes/Fire                   3
   e - Sticky Flame                   Conjuration/Fire             4
   f - Fireball                       Conjuration/Fire             5
Comestibles
 c - a bread ration
 d - a slice of pizza
 g - 3 meat rations


   Skills:
 - Level 1.5 Dodging
 - Level 1.5 Stealth
 - Level 1.5 Spellcasting
 - Level 1.0 Conjurations
 + Level 4.6 Fire Magic


You had 4 spell levels left.
You knew the following spells:

 Your Spells              Type           Power        Failure   Level  Hunger
a - Flame Tongue          Conj/Fire      ##...        10%         1    ##.....


Dungeon Overview and Level Annotations

Branches:
Dungeon (2/15)

Altars:

Annotations:
D:2 1 runed door


Message History

You barely miss the worm.
The worm is heavily wounded.
The worm bites you!
* * * LOW HITPOINT WARNING * * *
Casting: Flame Tongue
Confirm with . or Enter, or press ? or * to list all spells.
Aiming: Flame Tongue
Press: ? - help, Shift-Dir - straight line, f/p - worm
Aim: a worm (moderately wounded)
The flame tongue hits the worm.
The worm is severely wounded.
Casting: Flame Tongue
Confirm with . or Enter, or press ? or * to list all spells.
You don't know that spell.
You are too injured to fight recklessly!
You are too injured to fight recklessly!
You hit the worm.
The worm is poisoned.
The worm is almost dead.
The worm bites you!
You die...

#......# +......+
#......# #........
#......#####........
#......?...#........
#..........#........
#..........+........
#..........#........
#..@.......#........
#.w....###.#.....<..
.........# #.#.......#
........######.######..+
#.......# #......#####
#.......# #...........
#.......# #...........
#.......# ##..........
#####..........


You could see a worm.

Vanquished Creatures
  An adder (D:2)
  An ooze (D:1)
  A dart slug (D:1)
  A leopard gecko (D:1)
  A hobgoblin (D:1)
  2 kobolds (D:1)
  2 frilled lizards (D:1)
  4 goblins
  A rat (D:1)
14 creatures vanquished.

Notes
Turn   | Place    | Note
-------+----------+-------------------------------------------
     0 | D:1      | scalarboson the Hill Orc Fire Elementalist began the quest for the Orb.
     0 | D:1      | Reached XP level 1. HP: 14/14 MP: 3/3
   433 | D:1      | Reached XP level 2. HP: 16/20 MP: 4/4
   437 | D:1      | Reached skill level 4 in Fire Magic
  1084 | D:2      | Reached XP level 3. HP: 26/26 MP: 1/5
  1261 | D:2      | Found a runed door.
  1318 | D:2      | Slain by a worm

Skill      XL: |  1  2 |
---------------+-------+-----
Fire Magic     | 4 |  4.6
Dodging        | |  1.5
Stealth        | |  1.5
Spellcasting   | |  1.5
Conjurations   | |  1.0

Action                   || total
-------------------------++-------
Melee: Dagger            ||    39
 Cast: Flame Tongue      ||    16
Armor: Robe              ||     5
Dodge: Dodged            ||    19
